Map: Ever Dream LE

Players

Wrangler

  • Race: Terran Terran
  • League: Master
  • Spawn Location: 7:00

Napalm - Winner!

  • Race: Zerg Zerg
  • League: Master
  • Spawn Location: 1:00

VOD

Have the link to the VOD?

Description

Time

  • Played on: July 5, 2020, 4:38 a.m.
  • Length: 10:37
Show
View Real Time Build Order
Export as new Build Order

Wrangler Terran 

Build Orders: Hellion Opening 

Get SALT Encoding   

  12  0:02  SCV  
  13  0:14  SCV  
  14  0:17  Supply Depot  
  14  0:26  SCV  
  14  0:28  Refinery  
  15  0:39  SCV  
  16  0:45  Barracks  
  16  0:51  SCV  
  17  1:03  SCV  
  18  1:15  SCV  
  19  1:27  SCV  
  20  1:32  Marine  
  21  1:40  Orbital Command  
  21  1:49  Command Center  
  21  1:51  Barracks Reactor  
  21  2:07  SCV  
  21  2:08  Factory  
  22  2:16  Supply Depot  
  22  2:19  Refinery, SCV  
  23  2:37  Marine x2  
  23  2:43  SCV  
  26  2:57  Starport  
  26  3:03  Orbital Command  
  26  3:07  Hellion x2  
  26  3:08  Marine  
  31  3:13  Bunker  
  28  3:28  Hellion x2  
  31  3:34  SCV  
  31  3:35  SCV  
  31  3:40  Fusion Core  
  32  3:44  Starport Tech Lab  
  32  3:46  Marine  
  33  3:57  Hellion x2  
  35  4:27  Hellion x2  
  35  4:28  Battlecruiser  
  45  4:34  Armory  
  45  4:47  Supply Depot  
  45  4:57  Supply Depot  
  45  4:58  Hellion x2  
  47  5:19  Hellion x2  
  36  5:30  Terran Vehicle Weapons Level 1  
  36  5:32  Factory  
  36  5:40  Hellion x2  
  38  6:02  Hellion x2  
  42  6:23  Hellion x2  
  42  6:25  Factory Tech Lab  
  46  6:26  Factory  
  46  6:36  SCV  
  47  6:44  Orbital Command  
  47  6:46  Hellion x2  
  51  6:48  SCV  
  50  7:02  Cyclone  
  50  7:03  Infernal Pre-Igniter  
  53  7:12  SCV x2  
  55  7:18  Command Center  
  55  7:23  Factory Tech Lab  
  55  7:25  Hellion  
  57  7:41  Supply Depot  
  57  7:42  Cyclone x2  
  57  7:43  Hellion  
  62  8:01  SCV x2  
  64  8:13  SCV x2  
  64  8:16  Battlecruiser  
  72  8:29  SCV x2  
  74  8:34  Armory  
  74  8:41  SCV  
  74  8:43  SCV  
  74  8:44  Refinery  
  77  8:50  Orbital Command  
  77  8:53  SCV  
  77  8:56  SCV  
  77  8:59  Cyclone  
  77  9:00  Hellion x2  
  85  9:05  SCV  
  85  9:07  Supply Depot  
  85  9:08  SCV  
  87  9:12  Supply Depot  
  87  9:13  Refinery  
  87  9:16  SCV  
  88  9:17  SCV  
  88  9:20  SCV  
  88  9:24  Siege Tank  
  93  9:29  SCV x2  
  95  9:33  SCV  
  96  9:38  Supply Depot  
  96  9:42  SCV, Siege Tank  
  100  9:46  Orbital Command  
  100  9:56  Factory  
  70  10:15  Hellion x2  
Show
View Real Time Build Order
Export as new Build Order

Napalm Zerg - Winner!

Build Orders: 3 Hatch before Pool 

Get SALT Encoding   

  12  0:01  Drone  
  13  0:13  Overlord  
  13  0:17  Drone  
  14  0:22  Extractor  
  14  0:23  Drone  
  15  0:32  Drone  
  15  0:35  Drone  
  18  0:50  Drone  
  18  1:18  Hatchery  
  17  1:20  Hatchery, Drone  
  17  1:33  Spawning Pool  
  17  1:36  Drone  
  17  1:40  Extractor  
  17  1:41  Drone  
  17  1:44  Drone  
  18  1:48  Drone  
  19  1:58  Drone  
  20  2:21  Zergling x4  
  22  2:29  Queen x2  
  26  2:34  Drone x2  
  28  2:38  Queen  
  28  2:43  Metabolic Boost  
  30  2:55  Zergling x6  
  30  2:58  Drone  
  34  2:59  Overlord  
  34  3:17  Drone  
  34  3:18  Drone x5  
  39  3:33  Drone x2  
  41  3:42  Drone  
  42  3:51  Overlord  
  42  3:52  Evolution Chamber  
  42  3:53  Hatchery  
  40  3:59  Queen  
  40  4:02  Overlord x2  
  42  4:09  Drone  
  44  4:10  Drone x5  
  44  4:15  Zergling x4  
  44  4:16  Zergling x2  
  47  4:17  Zergling x2  
  46  4:28  Zergling x4  
  48  4:31  Zergling x4  
  48  4:32  Zergling x8  
  52  4:38  Zergling x4  
  52  4:44  Spore Crawler x2  
  51  4:45  Queen  
  51  4:51  Drone  
  51  4:52  Drone  
  55  4:54  Drone  
  55  4:55  Drone  
  55  4:57  Baneling Nest  
  56  5:06  Drone x3  
  57  5:15  Drone  
  57  5:21  Spore Crawler  
  57  5:22  Zergling x4  
  57  5:27  Overlord  
  56  5:29  Queen, Extractor  
  56  5:30  Extractor  
  56  5:34  Queen, Extractor  
  56  5:35  Spore Crawler  
  56  5:36  Overlord  
  56  5:41  Lair  
  56  5:45  Drone x3  
  56  5:46  Drone x3  
  54  5:58  Drone x2  
  54  6:03  Zergling x2  
  54  6:04  Zergling x14  
  64  6:11  Roach Warren  
  63  6:20  Overlord  
  63  6:22  Zergling x10  
  68  6:34  Overlord  
  68  6:37  Spine Crawler  
  67  6:43  Zergling x6  
  67  6:44  Zergling x8  
  74  6:53  Zerg Melee Weapons Level 1, Glial Reconstitution  
  66  7:02  Drone  
  66  7:03  Spire, Drone x3  
  69  7:15  Overlord x3  
  69  7:24  Overlord  
  65  7:39  Drone x2  
  65  7:40  Drone x7  
  73  7:56  Roach x7  
  73  7:57  Roach x3  
  88  8:03  Extractor  
  85  8:09  Centrifical Hooks  
  85  8:13  Evolution Chamber, Overseer  
  85  8:15  Corruptor x2  
  88  8:30  Corruptor  
  88  8:32  Overlord  
  90  8:41  Overlord  
  90  8:52  Corruptor  
  90  8:53  Corruptor  
  98  8:55  Roach  
  98  8:58  Overlord  
  96  9:04  Ravager x2  
  96  9:06  Overlord  
  98  9:13  Overlord  
  98  9:16  Roach x3  
  98  9:17  Roach  
  106  9:19  Overlord x2  
  106  9:26  Roach  
  106  9:27  Roach x3  
  106  9:28  Overseer  
  114  9:32  Overlord  
  114  9:33  Ravager  
  114  9:34  Ravager x2  
  114  9:35  Ravager  
  118  9:40  Roach x6  
  118  9:42  Ravager x2  
  118  9:43  Ravager x3  
  135  9:49  Overseer  
  135  9:52  Zergling x16  
Tags
 
Add a new tag
Caveats
  • Supply blocks, unpowered buildings, or Contaminate may cause inaccurate times.
  • Supply counts are checked every 10 seconds.